 Dungeon Crawl Stone Soup version 0.23.2-33-g5129a83184 (webtiles) character file.

Game seed: 10434655883569052489

51 troglodite the Charmwright (level 3, -1/31 HPs)
             Began as a Gnoll Skald on July 17, 2019.
             Slain by Sigmund
             ... wielding a +3 antimagic scythe
              (7 damage)
             ... on level 2 of the Dungeon.
             The game lasted 00:03:31 (1287 turns).

troglodite the Charmwright (Gnoll Skald)            Turns: 1287, Time: 00:03:32

Health: -1/31      AC: 10    Str: 13    XL:     3   Next: 81%
Magic:  8/9        EV:  7    Int: 15    God:
Gold:   101        SH:  0    Dex: 15    Spells: 11/12 levels left

rFire    . . .     SeeInvis .   a - +0 spear
rCold    . . .     Gourm    .   (no shield)
rNeg     . . .     Faith    .   h - +0 chain mail
rPois    .         Spirit   .   (no helmet)
rElec    .         Reflect  .   (no cloak)
rCorr    .         Harm     .   l - +0 pair of gloves
MR       .....                  (no boots)
Stlth    ..........             (no amulet)
HPRegen  0.10/turn              c - ring of stealth
MPRegen  0.11/turn              (no ring)

@: confused
A: distributed training, fangs 1, strong nose
a: no special abilities


You were on level 2 of the Dungeon.
You were not hungry.

You visited 1 branch of the dungeon, and saw 2 of its levels.

You collected 101 gold pieces.

Inventory:

Hand Weapons
 a - a +0 spear (weapon)
Armour
 h - a +0 chain mail (worn)
 l - a +0 pair of gloves (worn)
Jewellery
 c - a ring of stealth (left hand)
Scrolls
 b - a scroll of identify {unknown}
 f - a scroll of teleportation {unknown}
 n - a scroll of enchant weapon {unknown}
 o - a scroll of fog {unknown}
 q - a scroll of random uselessness {unknown}
Potions
 e - a potion of brilliance {unknown}
 g - a potion of berserk rage {unknown}
 i - a potion of curing {unknown}
 j - a potion of haste {unknown}
 k - 2 potions of degeneration {unknown}
 m - a potion of agility {unknown}
Comestibles
 d - 5 rations
 p - 6 chunks of flesh


   Skills:
 + Level 4.5 Fighting
 + Level 0.9 Short Blades
 + Level 0.9 Long Blades
 + Level 0.9 Axes
 + Level 0.9 Maces & Flails
 + Level 4.5 Polearms
 + Level 0.9 Staves
 + Level 0.9 Slings
 + Level 0.9 Bows
 + Level 0.9 Crossbows
 + Level 0.9 Throwing
 + Level 2.6 Armour
 + Level 4.5 Dodging
 + Level 0.9 Stealth
 + Level 0.9 Shields
 + Level 0.9 Unarmed Combat
 + Level 5.0 Spellcasting
 + Level 0.6 Conjurations
 + Level 0.6 Hexes
 + Level 5.4 Charms
 + Level 0.6 Summonings
 + Level 0.6 Necromancy
 + Level 0.6 Translocations
 + Level 0.6 Transmutations
 + Level 0.6 Fire Magic
 + Level 0.6 Ice Magic
 + Level 0.6 Air Magic
 + Level 0.6 Earth Magic
 + Level 0.6 Poison Magic
 + Level 1.0 Invocations
 + Level 0.9 Evocations


You had 11 spell levels left.
You knew the following spells:

 Your Spells              Type           Power        Failure   Level  Hunger
a - Infusion              Chrm           ###.         47%         1    None

Your spell library contained the following spells:

 Spells                   Type           Power        Failure   Level  Hunger
 Song of Slaying          Chrm           ###.....     63%         2    ##.....
 Shroud of Golubria       Chrm/Tloc      ##........   91%         2    ##.....
 Regeneration             Chrm/Necr      ##........   99%         3    ###....
 Spectral Weapon          Hex/Chrm       ##......     99%         3    ###....


Dungeon Overview and Level Annotations

Branches:
Dungeon (2/15)

Altars:

Annotations:
D:2 Sigmund


Innate Abilities, Weirdness & Mutations

Your experience applies equally to all skills.
You have very sharp teeth.
Your uncanny sense of smell can sniff out nearby items.


Message History

The puff of flame hits you but does no damage.
You bump into the rock wall.
Something tries to affect you, but you resist.
You bump into the rock wall.
You are more confused.
You bump into the rock wall.
You are more confused.
You're too confused to move!
A puff of flame appears from out of thin air!
The puff of flame hits you!
* * * LOW HITPOINT WARNING * * *
A magic dart appears from out of thin air!
The magic dart hits you.
* * * LOW HITPOINT WARNING * * *
You're too confused to move!
Something hits you but does no damage.
You bump into the rock wall.
You hear some strange, mumbled words.
Something tries to affect you, but you resist.
Something hits you!
You die...

#....)######## #.....##.....#
###### #.......รท....+ .....#
#.....##.....#
.....#####.####.....# .....^# #.#
#.....# #### ......# #.# #.....#
...# ......# #.# #.....# ...#
......####.####.@...######...####
#'###.....>.......{..............
#.# ######################...####
#.# ...# #.# ####
#.############### ###########
#...............# #........)#
##############.## #.........#
#..........#.#.####.........#


There were no monsters in sight!

Vanquished Creatures
  2 oozes (D:1)
  A dart slug (D:1)
  A leopard gecko (D:1)
  2 ball pythons (D:1)
  2 giant cockroaches
  2 goblins
  8 hobgoblins
  2 jackals (D:1)
  2 bats
  4 frilled lizards
  3 kobolds
  7 rats
36 creatures vanquished.

Notes
Turn   | Place    | Note
-------+----------+-------------------------------------------
     0 | D:1      | troglodite the Gnoll Skald began the quest for the Orb.
     0 | D:1      | Reached XP level 1. HP: 20/20 MP: 6/6
    73 | D:1      | Reached XP level 2. HP: 25/26 MP: 7/7
   357 | D:1      | Reached XP level 3. HP: 26/31 MP: 9/9
   412 | D:1      | Reached skill level 5 in Spellcasting
  1015 | D:2      | Reached skill level 1 in Invocations
  1261 | D:2      | Noticed Sigmund
  1287 | D:2      | Slain by Sigmund

Skill      XL: |  1  2  3 |
---------------+----------+-----
Spellcasting   | 5 |  5.0
Invocations    | 1 |  1.0
Fighting       | |  4.5
Short Blades   | |  0.9
Long Blades    | |  0.9
Axes           | |  0.9
Maces & Flails | |  0.9
Polearms       | |  4.5
Staves         | |  0.9
Slings         | |  0.9
Bows           | |  0.9
Crossbows      | |  0.9
Throwing       | |  0.9
Armour         | |  2.6
Dodging        | |  4.5
Stealth        | |  0.9
Shields        | |  0.9
Unarmed Combat | |  0.9
Conjurations   | |  0.6
Hexes          | |  0.6
Charms         | |  5.4
Summonings     | |  0.6
Necromancy     | |  0.6
Translocations | |  0.6
Transmutations | |  0.6
Fire Magic     | |  0.6
Ice Magic      | |  0.6
Air Magic      | |  0.6
Earth Magic    | |  0.6
Poison Magic   | |  0.6
Evocations     | |  0.9

Action                   || total
-------------------------++-------
Melee: Spear             ||   139
       Bite              ||     5
  Eat: Chunk             ||     1
Armor: Leather armour    ||     3
       Chain mail        ||    65
Dodge: Dodged            ||    39
